 Dungeon Sprint DCSS version 0.25.1-2-g60ff931df9 (webtiles) character file.

Game seed: 16282180145376633347

5261 Cadaver the Impaler (level 10, -5/139 HPs)
             Began as a Centaur Fighter on Dec 8, 2020.
             Was the Champion of Qazlal.
             Slain by a death cob (24 damage)
             ... in the Dungeon (Sprint VII: "The Pits").
             The game lasted 00:12:48 (3159 turns).

Cadaver the Impaler (Centaur Fighter)               Turns: 3159, Time: 00:12:48

Health: -5/139     AC: 15    Str: 19    XL:     10   Next: 36%
Magic:  11/11      EV:  3    Int:  9    God:    Qazlal [******]
Gold:   0          SH: 17    Dex: 10    Spells: 9/9 levels left

rFire    . . .     SeeInvis .   t - +2 trident (vorpal)
rCold    . . .     Gourm    .   c - +0 kite shield
rNeg     . . .     Faith    .   u - +2 plate armour
rPois    .         Spirit   .   (no helmet)
rElec    .         Reflect  .   (no cloak)
rCorr    .         Harm     .   y - +0 pair of gloves
MR       .....     NoTele   +   (no barding)
Stlth    ..........             (no amulet)
HPRegen  0.33/turn              (no ring)
MPRegen  0.12/turn              (no ring)

@: berserking, slowed, repel missiles, very quick
A: large, hooves 3, deformed body, speed 2, tough skin 3
a: Upheaval, Elemental Force, Disaster Area, Renounce Religion


You were in the Dungeon.
You worshipped Qazlal.
Qazlal was exalted by your worship.
You were hungry.

You visited 1 branch

Inventory:

Hand Weapons
 a - a +0 trident
 l - a +1 halberd of holy wrath
 m - a +2 trident
 t - a +2 vorpal trident (weapon)
 x - a +2 halberd of venom
Missiles
 s - 10 stones (quivered)
Armour
 c - a +0 kite shield (worn)
 u - a +2 plate armour (worn)
 y - a +0 pair of gloves (worn)
Jewellery
 v - a +3 ring of intelligence
 w - a +3 ring of evasion
Scrolls
 k - a scroll of blinking
 o - 3 scrolls of remove curse
 p - 5 scrolls of amnesia
 q - a scroll of summoning
 r - 2 scrolls of vulnerability
Potions
 d - 3 potions of might
 e - 4 potions of curing
 g - 13 potions of heal wounds
 h - a potion of haste
 i - 4 potions of magic
 j - 2 potions of berserk rage
 n - 2 potions of invisibility
Comestibles
 b - 4 chunks of flesh
 f - 9 rations


   Skills:
 + Level 10.0 Fighting
 * Level 17.0 Polearms
 + Level 8.6 Armour
 + Level 1.8 Dodging
 - Level 4.1 Shields
 * Level 2.4 Invocations


You had 9 spell levels left.
You didn't know any spells.
Your spell library was empty.

Dungeon Overview and Level Annotations

Branches:
Dungeon (1/1)

Altars:
Ashenzari
Cheibriados
Dithmenos
Elyvilon
Fedhas
Gozag
Hepliaklqana
Kikubaaqudgha
Makhleb
Nemelex Xobeh
Okawaru
Qazlal
Ru
Sif Muna
Trog
Uskayaw
Vehumet
Wu Jian
Xom
Yredelemnul
Zin
The Shining One
Beogh
Jiyva
Lugonu


Innate Abilities, Weirdness & Mutations

You have hooves in place of feet.
Armour fits poorly on your strangely shaped body.
You cover ground very quickly.
You have extremely tough skin. (AC +3)


Message History

The death cob is moderately damaged.
You block the death cob's attack.
You puncture the death cob!
The death cob is heavily damaged.
The death cob hits you but does no damage.
You block the death cob's attack.
You miss the death cob.
The death cob is heavily damaged.
You block the death cob's attack.
Your plate armour prevents you from hitting the death cob.
The death cob is heavily damaged.
The death cob hits you.
* * * LOW HITPOINT WARNING * * *
The death cob drains your vigour!
You feel as though you will be slow longer.
You block the death cob's attack.
You impale the death cob!! You kick the death cob!
The death cob is almost destroyed.
You block the death cob's attack. The death cob hits you!!
You die...

÷#'###...<...##.....##..##.....#
....##.......##...###....###....
.[..##.......##.)##........###.##
######.......##''#...#..#...#....
.#.. ##########....÷........'....
.#.############''#...#..#.Y.#....
.#.#....#!.[[##Y.##........###.##
##)#....#..[.##§.○###....###....#
.#.'....'..))##.@z..##.Y##.....##
.#'#....#..))###....S'..'.....##
.'.#....#.!.)# ###...'..'...###
############## ############


You could see a death cob, a sea snake and a dream sheep.

Vanquished Creatures
  A naga sharpshooter (D)
  A naga ritualist (D)
  A deep elf mage (D)
  An elephant (D)
  A naga mage (D)
  3 rime drakes (D)
  A red devil (D)
  A spriggan (D)
  3 basilisks (D)
  Grum (D)
  A warg (D)
  2 nagas (D)
  A soldier ant (D)
  An ogre (D)
  2 phantoms (D)
  3 wolves (D)
  4 killer bees (D)
  2 orc wizards (D)
  An orc priest (D)
  A gnoll shaman (D)
  A small abomination (D)
  A mummy (D)
  2 adders (D)
  8 gnolls (D)
  3 river rats (D)
  2 white imps (D)
  2 orcs (D)
  A bat skeleton (D)
  A goblin (D)
  A quokka (D)
  3 bats (D)
  A kobold (D)
  A leopard gecko zombie (D)
  2 rats (D)
61 creatures vanquished.

Notes
Turn   | Place    | Note
-------+----------+-------------------------------------------
     0 | D        | Cadaver the Centaur Fighter began the quest for the Orb.
     0 | D        | Reached XP level 1. HP: 19/19 MP: 1/1
    44 | D        | Found a glowing golden altar of the Shining One.
    44 | D        | Found a glowing silver altar of Zin.
    44 | D        | Found a basalt altar of Yredelemnul.
    44 | D        | Found a shimmering altar of Xom.
    44 | D        | Found an ornate altar of the Wu Jian Council.
    44 | D        | Found a bloodstained altar of Trog.
    44 | D        | Found a shimmering blue altar of Sif Muna.
    44 | D        | Found a sacrificial altar of Ru.
    44 | D        | Found a stormy altar of Qazlal.
    44 | D        | Found an iron altar of Okawaru.
    44 | D        | Found a sparkling altar of Nemelex Xobeh.
    44 | D        | Found a burning altar of Makhleb.
    44 | D        | Found a viscous altar of Jiyva.
    44 | D        | Found a hazy altar of Hepliaklqana.
    44 | D        | Found an opulent altar of Gozag.
    44 | D        | Found a blossoming altar of Fedhas.
    44 | D        | Found a white marble altar of Elyvilon.
    44 | D        | Found a shadowy altar of Dithmenos.
    44 | D        | Found a snail-covered altar of Cheibriados.
    45 | D        | Found a radiant altar of Vehumet.
    45 | D        | Found a corrupted altar of Lugonu.
    45 | D        | Found a roughly hewn altar of Beogh.
    46 | D        | Found a hide-covered altar of Uskayaw.
    46 | D        | Found an ancient bone altar of Kikubaaqudgha.
    46 | D        | Found a shattered altar of Ashenzari.
    49 | D        | Became a worshipper of Qazlal Stormbringer
    62 | D        | Reached skill level 2 in Polearms
    62 | D        | Reached XP level 2. HP: 8/27 MP: 2/2
   305 | D        | Reached * piety under Qazlal
   307 | D        | Reached XP level 3. HP: 16/34 MP: 3/3
   486 | D        | Reached skill level 3 in Polearms
   492 | D        | Reached ** piety under Qazlal
   624 | D        | Reached skill level 4 in Polearms
   624 | D        | Reached XP level 4. HP: 41/41 MP: 4/4
   693 | D        | Reached *** piety under Qazlal
   697 | D        | Reached skill level 5 in Fighting
   715 | D        | Reached skill level 5 in Polearms
   718 | D        | Reached XP level 5. HP: 18/48 MP: 5/5
   719 | D        | Reached **** piety under Qazlal
   774 | D        | Noticed a phantom
   797 | D        | Killed a phantom
   797 | D        | Reached skill level 7 in Polearms
   797 | D        | Reached skill level 1 in Dodging
  1222 | D        | Noticed a phantom
  1269 | D        | Killed a phantom
  1269 | D        | Reached skill level 8 in Polearms
  1269 | D        | Reached XP level 6. HP: 55/57 MP: 6/6
  1278 | D        | Noticed a warg
  1282 | D        | Reached skill level 9 in Polearms
  1284 | D        | Reached ***** piety under Qazlal
  1309 | D        | Killed a warg
  1309 | D        | Reached skill level 10 in Polearms
  1309 | D        | Reached skill level 5 in Armour
  1367 | D        | Noticed a deep elf mage
  1367 | D        | Noticed Grum
  1368 | D        | Noticed a basilisk
  1376 | D        | Reached XP level 7. HP: 64/64 MP: 7/7
  1392 | D        | Reached skill level 11 in Polearms
  1404 | D        | Killed Grum
  1407 | D        | Reached skill level 12 in Polearms
  1412 | D        | Killed a deep elf mage
  1412 | D        | Reached skill level 13 in Polearms
  1412 | D        | Reached XP level 8. HP: 44/73 MP: 8/8
  1640 | D        | Reached ****** piety under Qazlal
  1684 | D        | Noticed a naga sharpshooter
  1684 | D        | Noticed an elephant
  1684 | D        | Noticed a naga ritualist
  1725 | D        | Killed an elephant
  1725 | D        | Reached skill level 14 in Polearms
  1743 | D        | Killed a naga sharpshooter
  1743 | D        | Reached skill level 15 in Polearms
  1743 | D        | Reached skill level 1 in Invocations
  1743 | D        | Reached XP level 9. HP: 42/82 MP: 9/9
  1998 | D        | Noticed a rime drake
  2012 | D        | Killed a rime drake
  2032 | D        | Noticed a rime drake
  2040 | D        | Killed a rime drake
  2067 | D        | Noticed a red devil
  2117 | D        | Killed a red devil
  2117 | D        | Reached skill level 16 in Polearms
  2142 | D        | Killed a naga ritualist
  2142 | D        | Reached XP level 10. HP: 16/91 MP: 11/11
  2416 | D        | Noticed a naga mage
  2434 | D        | Killed a naga mage
  2946 | D        | Reached skill level 10 in Fighting
  2946 | D        | Reached skill level 17 in Polearms
  3136 | D        | Noticed a death cob
  3154 | D        | Noticed a sea snake
  3159 | D        | Slain by a death cob

Illustrated notes

Levels and vault maps discovered:
D:        pitsprint [storerooms_1, entrance_room_1, metal_vault_4, armoury_2,
          mini_pit_1, grid_room_1, main_hall_1, silver_pit, the_coven_1,
          the_vestibule_1, steel_vault_1, golden_pit, hallway_of_sentries,
          crystal_vault_2, iron_vault_4, final_vault]

Skill      XL: |  1  2  3  4  5  6  7  8  9 10 |
---------------+-------------------------------+-----
Polearms       | 2 4 5 8 10 13 15 16 17 | 17.0
Fighting       | 4 5 6 7 8 9 10 | 10.0
Armour         | 3 4 5 6 7 8 |  8.6
Shields        | 3 4 |  4.1
Dodging        | 1 |  1.8
Invocations    | 1 2 |  2.4

Action                   |  1- 3 |  4- 6 |  7- 9 | 10-12 || total
-------------------------+-------+-------+-------+-------++-------
Melee: Trident           |    39 |    58 |   127 |    71 ||   295
       Kick              |     3 |     9 |    30 |    19 ||    61
Invok: Upheaval          |       |       |     2 |       ||     2
  Use: Potion            |       |       |     2 |     3 ||     5
  Eat: Chunk             |       |     1 |     3 |     2 ||     6
Armor: Scale mail        |     9 |       |       |       ||     9
       Plate armour      |       |    13 |    15 |    16 ||    44
Dodge: Dodged            |     6 |     1 |     2 |     5 ||    14
       Repelled          |       |     1 |       |     1 ||     2
Block: Kite shield       |    12 |    19 |    65 |    42 ||   138
